 Dungeon Crawl Stone Soup version 0.31-a0-167-g1c394c0614 (webtiles) character file.

Game seed: 16565369644326432464

246 qw the Shooter (level 6, -6/37 HPs)
             Began as a Gargoyle Hunter on June 14, 2023.
             Mangled by a mummy (7 damage)
             ... in an ossuary.
             The game lasted 00:01:01 (3175 turns).

qw the Shooter (Gargoyle Hunter)                    Turns: 3175, Time: 00:01:02

Health: -6/37      AC:  9    Str: 15    XL:     6   Next: 11%
Magic:  6/6        EV: 11    Int:  9    God:
Gold:   163        SH:  0    Dex: 15    Spells: 5/5 levels left

rFire   . . .        Y - +0 shortbow
rCold   . . .        (shield currently unavailable)
rNeg    + . .        b - +0 ring mail
rPois   inf          (no helmet)
rElec   +            (no cloak)
rCorr   .            (no gloves)
SInv    .            (no boots)
Will    .....        (no amulet)
Stlth   +            (no ring)
HPRegen 0.26/turn    (no ring)
MPRegen 0.10/turn

%: no passive effects
@: no status effects
A: sickness immunity, AC +4, negative energy resistance 1, electricity
resistance, torment resistance 1, petrification resistance
a: no special abilities


You were in an ossuary.
You visited 1 branch of the dungeon, and saw 4 of its levels.
You also visited: Ossuary.

You collected 163 gold pieces.


Innate Abilities, Weirdness & Mutations

You are immune to sickness and miasma.
Your stone body is resilient. (AC +4)
You are immune to poison.
You resist negative energy. (rN+)
You are resistant to electric shocks. (rElec)
You are resistant to unholy torment.
You are immune to petrification.


   Skills:
 + Level 3.3 Fighting
 - Level 6.6 Ranged Weapons
 - Level 1.1 Armour
 - Level 1.5 Dodging
 - Level 1.1 Stealth


You had 5 spell levels left.
You didn't know any spells.
Your spell library was empty.

Inventory:

Hand Weapons
 Y - a +0 shortbow (weapon)
Armour
 b - a +0 ring mail (worn)
Jewellery
 f - a ring of fire
Scrolls
 h - a scroll of identify
Potions
 a - a potion of lignification
 c - a potion of curing
 d - a potion of resistance
 e - a potion of haste {unknown}
 g - a potion of attraction {unknown}
 j - a potion of might {unknown}
 k - a potion of enlightenment {unknown}
 l - a potion of degeneration {unknown}
 m - a potion of heal wounds {unknown}

Dungeon Overview and Level Annotations

Branches:
Dungeon (4/15)             Temple (0/1) D:4         Ossuary (1/1)

Altars:


Message History

The mummy is moderately damaged.
You shoot an arrow. The arrow hits the mummy.
The mummy is lightly damaged.
You shoot an arrow. The arrow hits the mummy.
The mummy is moderately damaged.
The hobgoblin zombie barely misses you.
You shoot an arrow.
The arrow hits the mummy but does no damage.
The mummy is moderately damaged.
The hobgoblin zombie barely misses you. The mummy hits you.
You shoot an arrow. The arrow barely misses the mummy.
The hobgoblin zombie barely misses you. The mummy misses you.
You shoot an arrow.
The arrow hits the mummy but does no damage.
The mummy is moderately damaged.
The hobgoblin zombie hits you but does no damage.
The mummy hits you!
You shoot an arrow. The arrow hits the mummy.
The mummy is heavily damaged.
The mummy hits you but does no damage. The hobgoblin zombie hits you.
You shoot an arrow. The arrow barely misses the mummy.
The mummy hits you but does no damage. The mummy hits you.
The hobgoblin zombie hits you but does no damage.
The mummy hits you!
You shoot an arrow.
The arrow hits the mummy but does no damage.
The mummy is heavily damaged.
The hobgoblin zombie hits you but does no damage.
The mummy misses you.
The mummy hits you but does no damage. x2
You shoot an arrow. The arrow barely misses the mummy.
The hobgoblin zombie misses you.
You shoot an arrow.
The arrow hits the mummy but does no damage.
The mummy is heavily damaged.
The mummy hits you! The mummy hits you. The mummy misses you.
The hobgoblin zombie closely misses you.
You shoot an arrow. The arrow hits the mummy!
The mummy is almost destroyed.
The mummy hits you but does no damage. The mummy hits you!
You die...

...........
.........
........
......
#....#
#..Z.#
#.MZM#
#..@M#
#....#
#....#
#....#
#....#
#.\\.#
######


You could see 3 mummies, a hobgoblin zombie and a gnoll zombie.

Vanquished Creatures
  A black bear (D:4)
  A hound (D:4)
  An iguana (D:4)
  A mummy (Ossuary)
  An adder (D:3)
  2 worms
  2 dart slugs
  5 ball pythons
  5 bats
  7 endoplasms
  6 giant cockroaches
  8 goblins
  6 hobgoblins
  2 jackals (D:1)
  2 quokkas
  6 frilled lizards
  A hobgoblin zombie (Ossuary)
  6 kobolds
  2 orc zombies (Ossuary)
  9 rats
74 creatures vanquished.

Notes
Turn   | Place    | Note
-------+----------+-------------------------------------------
     0 | D:1      | qw the Gargoyle Hunter began the quest for the Orb.
     0 | D:1      | Reached XP level 1. HP: 12/12 MP: 1/1
     0 | D:1      | 0 ||| qw: Version: 0.2-a-29-g1fa15c8
     0 | D:1      | 0 ||| qw: Game counter: 4887
     0 | D:1      | 0 ||| qw: Always use a shield: true
     0 | D:1      | 0 ||| qw: God list: Okawaru
     0 | D:1      | 0 ||| qw: Allow faded altars: false
     0 | D:1      | 0 ||| qw: Do Orc after D:15 true
     0 | D:1      | 0 ||| qw: Do second Lair branch before Depths: true
     0 | D:1      | 0 ||| qw: Lair rune preference: random
     0 | D:1      | 0 ||| qw: Plans: Normal, Zot:1-4, Slime:5, God:TSO, Crypt,
                  | Tomb, Abyss, Pan, Hells, Win
     0 | D:1      | 0 ||| PLANNING D:1-11
   223 | D:1      | Reached XP level 2. HP: 17/17 MP: 2/2
   619 | D:1      | Reached XP level 3. HP: 21/21 MP: 3/3
   885 | D:1      | Reached skill level 5 in Ranged Weapons
   911 | D:1      | 911 ||| READING scroll labelled TOTYAXTUXE.
   912 | D:1      | 912 ||| READING scroll labelled WINU WUSEY.
   913 | D:1      | 913 ||| READING scroll labelled JEONULANEU.
   914 | D:1      | 914 ||| READING scroll labelled TASHYI OWUOCI.
   915 | D:1      | 915 ||| READING scroll labelled QOMALEO WAKI.
  1016 | D:1      | 1016 ||| DROPPING scroll of butterflies.
  1494 | D:2      | Found a faded altar of an unknown god.
  1555 | D:2      | Reached skill level 3 in Fighting
  1607 | D:2      | 1607 ||| UPGRADING to +0 ring mail.
  1617 | D:2      | 1617 ||| DROPPING +0 leather armour.
  1618 | D:2      | 1618 ||| DRINKING 2 bubbling black potions.
  1797 | D:3      | Reached skill level 1 in Armour
  1797 | D:3      | Reached XP level 4. HP: 22/28 MP: 4/4
  1972 | D:3      | Identified the +8 spear "Giunt" {holy, rPois rN+}
  2509 | D:3      | 2509 ||| READING 2 scrolls labelled GAONOO FEESCHUC.
  2510 | D:3      | 2510 ||| READING scroll labelled BUUNNOIQOA.
  2511 | D:3      | 2511 ||| READING scroll labelled TOTEOMO ONYZUC.
  2532 | D:3      | 2532 ||| READING 2 scrolls of identify.
  2532 | D:3      | 2532 ||| IDENTIFYING murky blue potion
  2533 | D:3      | 2533 ||| DROPPING scroll of fog.
  2564 | D:4      | 2564 ||| PLANNING OSSUARY
  2694 | D:4      | Reached XP level 5. HP: 28/32 MP: 5/5
  2952 | D:4      | Noticed a black bear
  2965 | D:4      | Killed a black bear
  2966 | D:4      | Reached skill level 6 in Ranged Weapons
  2966 | D:4      | Reached XP level 6. HP: 12/37 MP: 6/6
  3075 | D:4      | Found a staircase to the Ecumenical Temple.
  3137 | D:4      | Found a sand-covered staircase.
  3138 | D:4      | 3138 ||| READING 2 scrolls of identify.
  3138 | D:4      | 3138 ||| IDENTIFYING smoky brown potion
  3147 | Ossuary  | Entered an ossuary
  3174 | Ossuary  | HP: 2/37 [mummy (14)]
  3175 | Ossuary  | Mangled by a mummy

Levels and vault maps discovered:
D:1:      psy_arrival_fountain, layout_loops_corners, minmay_misc_feat_rows,
          hangedman_feature_mirror
D:2:      layout_rooms, shapermc_ecumenical_altar_petra, minmay_mini_jars
D:3:      layout_loops_corners, dreamdust_wishing_well
D:4:      layout_basic, minmay_temple_entry_fiery,
          nicolae_ossuary_entry_monument
Ossuary:  ossuary_tomb_3

Skill      XL: |  1  2  3  4  5 |
---------------+----------------+-----
Ranged Weapons | 5 6 |  6.6
Fighting       | 3 |  3.3
Armour         | 1 |  1.1
Dodging        | |  1.5
Stealth        | |  1.1

Action                     |  1- 3 |  4- 6 || total
---------------------------+-------+-------++-------
   Fire: Shortbow          |   114 |   117 ||   231
    Use: Scroll            |     5 |     5 ||    10
         Potion            |     1 |       ||     1
 Armour: Leather armour    |     7 |       ||     7
         Ring mail         |    13 |    29 ||    42
  Dodge: Dodged            |    24 |    31 ||    55

Table legend:
 A = Non-vault XP
 B = Vault XP
 C = Vault XP percentage of total XP
 D = Non-vault monster count
 E = Vault monster count
 F = Vault count percentage of total count
                 A         B        C        D         E       F
            +---------+---------+-------+---------+---------+-------
      Total |     315 |      37 |  10.5 |      58 |      16 |  21.6
            +---------+---------+-------+---------+---------+-------
        D:1 |      39 |       3 |   7.1 |      22 |       2 |   8.3
        D:2 |      18 |      13 |  41.9 |      11 |      10 |  47.6
        D:3 |      40 |       0 |   0.0 |      13 |       0 |   0.0
        D:4 |     218 |       0 |   0.0 |      12 |       0 |   0.0
    Ossuary |       0 |      21 | 100.0 |       0 |       4 | 100.0
            +---------+---------+-------+---------+---------+-------
